 Dungeon Crawl Stone Soup version 0.28.0 (console) character file.

Game seed: 11337237476916801816

14 AlterAsc the Covered (level 2, 0/24 HPs)
             Began as a Demonspawn Fighter on Feb 16, 2022.
             Killed from afar by Natasha (7 damage)
             ... with a magic dart
             ... on level 2 of the Dungeon.
             The game lasted 00:03:13 (773 turns).

AlterAsc the Covered (Demonspawn Fighter)            Turns: 773, Time: 00:03:15

Health: 0/24       AC:  6    Str: 16    XL:     2   Next: 31%
Magic:  2/2        EV:  8    Int:  9    God:
Gold:   31         SH:  4    Dex: 12    Spells: 1/1 levels left

rFire   . . .      SeeInvis .   a - +0 long sword
rCold   . . .      Faith    .   c - +0 buckler
rNeg    . . .      Spirit   .   b - +0 scale mail
rPois   .          Reflect  .   (no helmet)
rElec   .          Harm     .   (no cloak)
rCorr   .          Rampage  .   (no gloves)
Will    .....                   (no boots)
Stlth   ..........              (no amulet)
HPRegen 0.08/turn               (no ring)
MPRegen 0.08/turn               (no ring)

@: mighty
A: hooves 1
a: no special abilities


You were on level 2 of the Dungeon.
You visited 1 branch of the dungeon, and saw 2 of its levels.

You collected 31 gold pieces.

Inventory:

Hand Weapons
 a - a +0 long sword (weapon)
Armour
 b - a +0 scale mail (worn)
 c - a +0 buckler (worn)
Scrolls
 e - 2 scrolls of teleportation {unknown}
 f - 2 scrolls of identify {unknown}
Potions
 g - a potion of curing {unknown}
 h - a potion of ambrosia {unknown}


   Skills:
 + Level 3.0 Fighting
 + Level 2.0 Long Blades
 + Level 3.1 Armour
 + Level 2.9 Shields


You had one spell level left.
You didn't know any spells.
Your spell library contained the following spells:

 Spells                   Type           Power      Damage    Failure   Level
 Slow                     Hex            0%         N/A       88%         1
 Confusing Touch          Hex            0%         N/A       99%         3
 Vampiric Draining        Necr           0%         2d6       99%         3


Dungeon Overview and Level Annotations

Branches:
Dungeon (2/15)

Altars:

Annotations:
D:2 Natasha


Innate Abilities, Weirdness & Mutations

You have large cloven feet.


Message History

The frilled lizard completely misses you.
You block the frilled lizard's attack.
You barely miss the frilled lizard. You kick the frilled lizard.
You kill the frilled lizard!
Found 19 stones.
No target in view!
You see here 19 stones.
A quokka comes into view.
A quokka is nearby!
Natasha, Servant of Life and Death comes into view.
Natasha hisses angrily.
You hit the quokka.
The quokka is almost dead.
The quokka barely misses you. Natasha casts a spell at you.
You resist with significant effort. The quokka bites you.
You hit the quokka.
You kill the quokka!
Natasha drinks a potion.
Natasha seems to speed up.
Press: ? - help, v - describe, . - travel
Here: Natasha (fast)
The floor.
You hit Natasha but do no damage.
Natasha mumbles some strange words.
Natasha closely misses you.
Press: ? - help, v - describe, . - travel The floor.
You feel very mighty all of a sudden. Natasha claws you! Natasha claws you.
You hit Natasha.
Natasha is lightly wounded.
Natasha closely misses you. Natasha misses you.
The crimson imp blinks!
You closely miss Natasha.
Natasha is lightly wounded.
Natasha stares at you and mumbles some strange words.
The magic dart hits you.
* * * LOW HITPOINT WARNING * * *
Natasha casts a spell at you. The magic dart hits you!
You die...

#.# ##### ##.## #.#
#...#####.#.# #.#
#.#......###. #.#
#....####>#.# #.#
##.#.# ##.## #.#
#.#.#####.## #.#
#<........## #.#
#.###.###.##
####@#####)# #.###.##
#....h..##.###.#.....
#...ยง5...........#...
#.......##.###..###..
#........... #.## ##.
#.......##...#..###..
#.......#........#...
#..........#....#....
######..###...[..####


You could see Natasha (fast) and a crimson imp (summoned).

Vanquished Creatures
  A dart slug (D:1)
  2 endoplasms
  A giant cockroach (D:1)
  A quokka (D:2)
  3 frilled lizards
  2 goblins
  A kobold (D:1)
  2 rats
13 creatures vanquished.

Notes
Turn   | Place    | Note
-------+----------+-------------------------------------------
     0 | D:1      | AlterAsc the Demonspawn Fighter began the quest for the
                  | Orb.
     0 | D:1      | Reached XP level 1. HP: 18/18 MP: 1/1
   513 | D:1      | Gained mutation: You have large cloven feet. [demonic
                  | ancestry]
   513 | D:1      | Reached XP level 2. HP: 24/24 MP: 2/2
   593 | D:1      | Found a faded altar of an unknown god.
   765 | D:2      | Noticed Natasha
   771 | D:2      | Noticed a crimson imp
   773 | D:2      | Killed from afar by Natasha

Illustrated notes

Levels and vault maps discovered:
D:1:      mainiacjoe_arrival_reflecting_pool, layout_basic,
          dilly_ecumenical_altar_fadedgnrine
D:2:      layout_loops_ring, uniq_natasha

Skill      XL: |  1  2 |
---------------+-------+-----
Armour         | 3 |  3.1
Long Blades    | 2 |  2.0
Fighting       | |  3.0
Shields        | |  2.9

Action                   || total
-------------------------++-------
Melee: Long sword        ||    48
       Kick              ||     2
  Use: Potion            ||     1
Armor: Scale mail        ||    17
Dodge: Dodged            ||    18
Block: Buckler           ||     8
